AoeStats
← Merciless Gladiator Stal

Black Forest

510602713Analyzed
2v2 RM · 11h ago on Oct 1, 2026· 79m 37s· 4 players
Game mode
Random Map
Map size
Medium (4 player)
Population
200
Speed
Normal
Resources
Standard
Victory
Conquest
Starting age
Dark Age
Ending age
Imperial Age
RankedLock teamsTeams togetherTeam positionsShared explorationLock speedFull tech treeHidden civsTurbo modeCheats
Victory
Defeat
🇫🇷 Bengalis · France
1403
+17
🇫🇷 Spanish · France
1400
+17
1425
-17
🇧🇪 Lithuanians · Belgium
1424
-17
Elessar
0:27 Loom
11:08 Feudal Age
15:11 Castle Age
13:11 Double-Bit Axe
13:25 Horse Collar
15:44 Town Watch
16:20 Bow Saw
16:14 Heavy Plow
19:34 Heavy Plow
24:32 Wheelbarrow
24:22 Gold Mining
24:51 Caravan
25:48 Hand Cart
27:26 Stone Mining
30:15 Imperial Age
28:14 Scale Barding Armor
28:21 Bloodlines
28:28 Husbandry
29:15 Chain Barding Armor
29:32 Forging
30:58 Iron Casting
30:53 Masonry
31:35 Plate Barding Armor
31:35 Conscription
30:39 Cavalier
32:43 Chemistry
33:03 Blast Furnace
32:05 Padded Archer Armor
33:24 Paladin
35:18 Leather Archer Armor
36:31 Pikeman
37:32 Fortified Wall
39:06 Ring Archer Armor
38:27 Fletching
38:39 Squires
38:25 Gambesons
39:40 Halberdier
40:45 Scale Mail Armor
41:24 Light Cavalry
42:45 Coinage
42:26 Guilds
42:24 Elite Conquistador
43:23 Chain Mail Armor
47:37 Plate Mail Armor
48:07 Bodkin Arrow
49:21 Supremacy
49:44 Hussar
50:39 Arson
53:13 Bombard Tower
53:13 Ballistics
55:56 Hoardings
55:53 Architecture
57:45 Man-at-Arms
58:46 Guard Tower
58:42 Arrowslits
64:21 Inquisition
65:25 Block Printing
65:32 Sanctity
65:37 Illumination
65:24 Fervor
65:52 Theocracy
65:58 Devotion
65:59 Capped Ram
67:01 Siege Ram
74:51 Two-Man Saw
75:13 Keep
74:24 Long Swordsman
75:14 Bracer
77:30 Banking
77:22 Murder Holes
Aenör
0:35 Loom
11:48 Feudal Age
15:37 Castle Age
13:26 Double-Bit Axe
17:09 Horse Collar
18:58 Wheelbarrow
19:01 Bow Saw
28:24 Imperial Age
25:55 Town Watch
26:03 Fletching
26:23 Heavy Plow
26:46 Gold Mining
27:12 Bodkin Arrow
27:18 Padded Archer Armor
28:48 Leather Archer Armor
28:55 Ballistics
29:09 Bracer
28:34 Siege Elephant
30:33 Chemistry
30:21 Hand Cart
30:14 Devotion
31:40 Squires
31:27 Arson
31:47 Scale Mail Armor
31:57 Forging
31:57 Light Cavalry
32:39 Husbandry
32:51 Bloodlines
33:09 Redemption
33:14 Block Printing
32:58 Elite Elephant Archer
34:06 Conscription
34:01 Paiks
34:58 Iron Casting
34:39 Chain Mail Armor
35:04 Ring Archer Armor
34:42 Scale Barding Armor
37:23 Coinage
36:53 Caravan
37:07 Guilds
38:24 Blast Furnace
38:13 Mahayana
38:36 Banking
38:43 Pikeman
40:21 Sanctity
40:31 Illumination
39:35 Halberdier
40:44 Gambesons
44:17 Herbal Medicine
46:06 Chain Barding Armor
47:13 Two-Man Saw
49:52 Fervor
49:42 Atonement
49:44 Crossbowman
49:45 Elite Skirmisher
49:48 Onager
49:53 Onager
59:04 Crop Rotation
58:54 Stone Mining
59:39 Gold Shaft Mining
58:44 Arbalester
62:03 Faith
62:19 Theocracy
66:59 Elite Battle Elephant
73:06 Man-at-Arms
75:55 Plate Barding Armor
75:32 Masonry
75:27 Siege Engineers
75:34 Fortified Wall
75:19 Murder Holes
75:15 Guard Tower
75:13 Arrowslits
Soulrajh
0:45 Loom
11:55 Feudal Age
16:16 Castle Age
14:09 Double-Bit Axe
24:50 Bow Saw
24:38 Gold Mining
24:51 Stone Mining
24:51 Horse Collar
29:52 Imperial Age
27:36 Fletching
27:47 Padded Archer Armor
28:52 Stone Shaft Mining
29:04 Ballistics
29:04 Heavy Plow
29:40 Wheelbarrow
28:32 Elite Skirmisher
29:12 Bodkin Arrow
29:53 Leather Archer Armor
30:23 Thumb Ring
30:33 Tower Shields
32:09 Conscription
33:00 Chemistry
32:16 Elite Leitis
33:30 Bracer
33:51 Scale Barding Armor
34:10 Forging
35:50 Chain Barding Armor
36:01 Ring Archer Armor
36:34 Iron Casting
37:23 Plate Barding Armor
38:59 Caravan
43:27 Coinage
43:08 Guilds
47:43 Masonry
47:47 Fortified Wall
77:49 Scale Mail Armor
Merciless Gladiator Stal
10:33 Feudal Age
12:41 Loom
15:21 Castle Age
16:09 Double-Bit Axe
24:47 Wheelbarrow
29:02 Imperial Age
26:16 Pikeman
27:43 Bow Saw
27:21 Horse Collar
27:58 Husbandry
28:09 Bloodlines
28:05 Scale Barding Armor
28:10 Forging
27:53 Gold Mining
27:53 Stone Mining
28:24 Heavy Plow
29:54 Hand Cart
29:02 Cavalier
31:57 Chain Barding Armor
31:58 Masonry
33:31 Plate Barding Armor
33:32 Iron Casting
32:53 Town Watch
32:49 Savar
37:00 Blast Furnace
37:03 Two-Man Saw
36:38 Gold Shaft Mining
36:39 Stone Shaft Mining
37:11 Crop Rotation
37:14 Architecture
37:56 Chemistry
38:26 Conscription
38:02 Fletching
37:37 Light Cavalry
39:03 Hoardings
40:35 Hussar
41:04 Elite War Elephant
45:32 Caravan
Connection lost

Rejoining the realm…

Still unreachable

The connection could not be restored.

Session expired

The server has moved on; the page needs a fresh start.